Unix NetHack Version 3.7.0-59 Work-in-progress - last build Jun 21 2022 21:34:18 (82e59222e4b6558e33156aede0636042c14940b8,branch:master). Game began 2022-06-26 16:30:09, ended 2022-06-26 16:39:50. Dewzmint, lawful male human Priest ----------- |+?+????..@# |?+?+]+???|# |????????.|# -----------# ------# #######|.....### ------------- #|....|# # |............ #|....| # |...........| #.....| ##........<.... ------ |...........| ------------- Dewzmint the Acolyte St:13 Dx:14 Co:8 In:13 Wi:18 Ch:8 Lawful S:486 Dlvl:5 $:0 HP:0(25) Pw:18(18) AC:7 Xp:3/64 T:1290 Blind Latest messages: The cave spider bites! You miss it. The cave spider bites! You miss it. The cave spider bites! You kill the cave spider! You see here a pair of riding boots. p - a pair of riding boots. You hear the chime of a cash register. You kill the gecko! What do you want to read? As you read the scroll, it disappears. A lit field surrounds you! "Hello, Dewzmint! Welcome to Lugnaquillia's second-hand bookstore!" What do you want to drop? Lugnaquillia offers 25 gold pieces for your scroll of light. Sell it? [ynaq] (n) y You sold a scroll of light for 25 gold pieces. You see here a scroll labeled PHOL ENDE WODAN (for sale, 133 zorkmids). You see here a scroll labeled ASHPD SODALG (for sale, 267 zorkmids). You see here a scroll labeled ASHPD SODALG (for sale, 267 zorkmids). You see here a cursed scroll labeled ANDOVA BEGARIN (for sale, 107 zorkmids). You see here a blessed scroll of create monster (for sale, 267 zorkmids). You see here a blessed scroll labeled KO BATE (for sale, 27 zorkmids). You see here a blessed scroll of create monster (for sale, 267 zorkmids). You see here a blessed scroll labeled KO BATE (for sale, 27 zorkmids). You are beginning to feel hungry. What do you want to read? As you read the scroll, it disappears. This is an identify scroll. n - a spellbook of magic missile. What do you want to eat? Blecch! Rotten food! Everything suddenly goes dark. You finish eating the food ration. What do you want to read? "Hello, Dewzmint! Welcome again to Lugnaquillia's second-hand bookstore!" Wait! There's something there you can't see! It gets angry! You hear a nearby zap. The wand hits you! #apologize lmao: unknown extended command. You hear a nearby zap. The wand hits you! You die... Lugnaquillia takes all your possessions. Do you want to see what you had when you died? [ynq] (y) y Do you want to see your attributes? [ynq] (y) y Do you want an account of creatures vanquished? [ynaq] (y) y Do you want to see your conduct and achievements? [ynq] (y) n Do you want to see the dungeon overview? [ynq] (y) n Major events: Turn 1: Dewzmint the lawful human Priest entered the dungeon 792: attained the rank of Acolyte (level 3) 1290: killed by a wand Inventory: Weapons a - a blessed +1 mace (weapon in hand) Armor p - a +0 pair of speed boots c - a +0 small shield (being worn) b - a +0 robe (being worn) Comestibles e - a clove of garlic j - 4 food rations f - a sprig of wolfsbane Spellbooks h - a spellbook of create monster g - a spellbook of light n - a spellbook of magic missile Potions o - a cursed potion of restore ability d - 4 potions of holy water Tools i - a magic marker (0:63) Dewzmint the Priest's attributes: Background: You were an Acolyte, a level 3 human Priest. You were lawful, nominally on a mission for Mercury who was opposed by Venus (neutral) and Mars (chaotic). You were in the Dungeons of Doom, on level 5. You entered the dungeon 1290 turns ago. You had 64 experience points, 16 more were needed to attain level 4. Your score was 486 before end-of-game adjustments. Basics: You had 0 out of 25 hit points. You had all 18 energy points (spell power). Your armor class was 7. Your wallet was empty. Autopickup was off. Final Characteristics: Your strength was 13 (limit:18/100). Your dexterity was 14 (limit:18). Your constitution was 8 (limit:18). Your intelligence was 13 (limit:18). Your wisdom was 18 (limit:18). Your charisma was 8 (limit:18). Final Status: You were temporarily blind. You were not hungry. You were unencumbered. You were wielding a mace. You had basic skill with mace. Final Attributes: You were devoutly aligned. You were guarded. You are dead. Miscellaneous: You never encountered a bones level. Total elapsed playing time was 9 minutes and 40 seconds. Vanquished creatures: a cave spider a green mold 2 geckos a jackal a fox 3 goblins a sewer rat 4 grid bugs 6 lichens 2 newts 22 creatures vanquished. No species were genocided or became extinct. Voluntary challenges: You were an atheist. You read items or engraved 3 times. You never engraved Elbereth. You never genocided any monsters. You never polymorphed an object. You never changed form. You used no wishes. Achievements: You attained the rank of Acolyte. You entered a shop. The Dungeons of Doom: levels 1 to 5 Level 1: A fountain. Level 2: Level 3: Level 4: Level 5: <- You were here. A scroll shop. Final resting place for you, killed by a wand. Game over: ---------- / \ / REST \ / IN \ / PEACE \ / \ | Dewzmint | | 0 Au | | killed by a wand | | | | | | | | 2022 | *| * * * | * _________)/\\_//(\/(/\)/\//\/|_)_______ Goodbye Dewzmint the Priest... You died in The Dungeons of Doom on dungeon level 5 with 486 points, and 0 pieces of gold, after 1290 moves. You were level 3 with a maximum of 25 hit points when you died.